| TOP OF THE 1ST |
|
Elizabethton Twins batting - Pitching for Boston (APP) Red Sox : RHP Nate Rizzi
|
|
Pitching: RHP Nate Rizzi
|
|
|
Batting: SHB Rodrigo Mendoza
|
0-0: Foul Ball, location: 2F 0-1: Ball 1-1: Ball 2-1: Swinging Strike 2-2: Ground out U3 (Groundball, 3, EV 91.9 MPH)
|
|
Batting: RHB Josh Harmon
|
0-0: Foul Ball, location: 2F 0-1: Ball 1-1: Swinging Strike 1-2: Strikes out swinging
|
|
Batting: LHB Bill Lorimer
|
0-0: Foul Ball, location: 2F 0-1: Ball 1-1: Foul Ball, location: 2F 1-2: Strikes out swinging
|
| Top of the 1st over - 0 runs, 0 hits, 0 errors, 0 left on base; Elizabethton 0 - Boston (APP) 0 |
| BOTTOM OF THE 1ST |
|
Boston (APP) Red Sox batting - Pitching for Elizabethton Twins : LHP Chris Smith
|
|
Pitching: LHP Chris Smith
|
|
|
Batting: RHB Joe Booth
|
0-0: Ball 1-0: Called Strike 1-1: Foul Ball, location: 2F 1-2: Ball 2-2: Ground out 6-3 (Groundball, 6, EV 78.8 MPH)
|
|
Batting: RHB Kirk Cully
|
0-0: Called Strike 0-1: SINGLE (Line Drive, 8LS, EV 90.0 MPH)
|
|
Batting: LHB Kien-lung Zou
|
0-0: Swinging Strike 0-1: Swinging Strike 0-2: Ball 1-2: Strikes out swinging
|
|
Batting: RHB Josh Smith
|
0-0: Ball 1-0: Ball 2-0: Called Strike 2-1: Swinging Strike 2-2: Strikes out looking
|
| Bottom of the 1st over - 0 runs, 1 hit, 0 errors, 1 left on base; Elizabethton 0 - Boston (APP) 0 |
| TOP OF THE 2ND |
|
Elizabethton Twins batting - Pitching for Boston (APP) Red Sox : RHP Nate Rizzi
|
|
Batting: LHB David Ramos
|
0-0: Ball 1-0: Ball 2-0: Called Strike 2-1: Called Strike 2-2: Strikes out swinging
|
|
Batting: RHB Jorge Corte
|
0-0: Ball 1-0: Ball 2-0: Called Strike 2-1: Ball 3-1: Ground out 3-1 (Groundball, 34, EV 86.2 MPH)
|
|
Batting: SHB Ed Mosqueda
|
0-0: Ball 1-0: Called Strike 1-1: Called Strike 1-2: Strikes out swinging
|
| Top of the 2nd over - 0 runs, 0 hits, 0 errors, 0 left on base; Elizabethton 0 - Boston (APP) 0 |
| BOTTOM OF THE 2ND |
|
Boston (APP) Red Sox batting - Pitching for Elizabethton Twins : LHP Chris Smith
|
|
Batting: RHB Bakhtiar Asadov
|
0-0: Ball 1-0: Called Strike 1-1: Swinging Strike 1-2: Ball 2-2: Strikes out swinging
|
|
Batting: RHB Felix Rangel
|
0-0: Swinging Strike 0-1: Called Strike 0-2: Strikes out looking
|
|
Batting: SHB Matsudaira Ikeda
|
0-0: SINGLE (Line Drive, 78S, EV 88.8 MPH)
|
|
Batting: RHB Eric Kent
|
0-0: Foul Ball, location: 2F 0-1: Fly out, F7 (Line Drive, 78D, EV 89.4 MPH)
|
| Bottom of the 2nd over - 0 runs, 1 hit, 0 errors, 1 left on base; Elizabethton 0 - Boston (APP) 0 |
| TOP OF THE 3RD |
|
Elizabethton Twins batting - Pitching for Boston (APP) Red Sox : RHP Nate Rizzi
|
|
Batting: LHB Joey Zamora
|
0-0: Foul Ball, location: 2F 0-1: Ball 1-1: Called Strike 1-2: Ball 2-2: Ball 3-2: Strikes out looking
|
|
Batting: RHB Hisao Takei
|
0-0: Called Strike 0-1: Ball 1-1: Called Strike 1-2: Strikes out swinging
|
|
Batting: LHB Raul Aldaz
|
0-0: Ball 1-0: Ball 2-0: Ball 3-0: Base on Balls
|
|
Batting: SHB Rodrigo Mendoza
|
0-0: Ball Raul Aldaz steals 2nd base 1-0: SINGLE (Line Drive, 9S, EV 87.5 MPH) Raul Aldaz to third Runner from 3rd tries for Home, SAFE, throw by RF to home
|
|
Batting: RHB Josh Harmon
|
0-0: Foul Ball, location: 2F 0-1: Called Strike Rodrigo Mendoza steals 2nd base 0-2: Ball 1-2: SINGLE (Groundball, 25, EV 68.8 MPH) (infield hit) Rodrigo Mendoza to third
|
|
Batting: LHB Bill Lorimer
|
0-0: Ball 1-0: Called Strike 1-1: Called Strike 1-2: Strikes out swinging
|
| Top of the 3rd over - 1 run, 2 hits, 0 errors, 2 left on base; Elizabethton 1 - Boston (APP) 0 |
| BOTTOM OF THE 3RD |
|
Boston (APP) Red Sox batting - Pitching for Elizabethton Twins : LHP Chris Smith
|
|
Batting: RHB Estevan Carrillo
|
0-0: Ball 1-0: Called Strike 1-1: Ball 2-1: Ball 3-1: Base on Balls
|
|
Batting: RHB Joe Booth
|
0-0: Ball 1-0: Ball 2-0: Foul Ball, location: 2F 2-1: Foul Ball, location: 2F 2-2: Foul Ball, location: 2F 2-2: Foul Ball, location: 2F 2-2: Strikes out swinging
|
|
Batting: RHB Kirk Cully
|
0-0: Ball 1-0: Called Strike 1-1: Called Strike 1-2: Foul Ball, location: 2F 1-2: Ball 2-2: Ball 3-2: Foul Ball, location: 2F 3-2: Foul Ball, location: 2F 3-2: Foul Ball, location: 2F 3-2: Strikes out looking
|
|
Batting: LHB Kien-lung Zou
|
0-0: Swinging Strike 0-1: Foul Ball, location: 2F 0-2: Fly out, F7 (Flyball, 7, EV 88.8 MPH)
|
| Bottom of the 3rd over - 0 runs, 0 hits, 0 errors, 1 left on base; Elizabethton 1 - Boston (APP) 0 |
| TOP OF THE 4TH |
|
Elizabethton Twins batting - Pitching for Boston (APP) Red Sox : RHP Nate Rizzi
|
|
Batting: LHB David Ramos
|
0-0: Ball 1-0: Ball 2-0: Swinging Strike 2-1: Foul Ball, location: 2F 2-2: Strikes out looking
|
|
Batting: RHB Jorge Corte
|
0-0: Called Strike 0-1: Swinging Strike 0-2: Ball 1-2: Foul Ball, location: 2F 1-2: Strikes out swinging
|
|
Batting: SHB Ed Mosqueda
|
0-0: Called Strike 0-1: Ground out 6-3 (Groundball, 6, EV 110.0 MPH)
|
| Top of the 4th over - 0 runs, 0 hits, 0 errors, 0 left on base; Elizabethton 1 - Boston (APP) 0 |
| BOTTOM OF THE 4TH |
|
Boston (APP) Red Sox batting - Pitching for Elizabethton Twins : LHP Chris Smith
|
|
Batting: RHB Josh Smith
|
0-0: Ball 1-0: Ball 2-0: Foul Ball, location: 2F 2-1: DOUBLE (Flyball, 8LXD, EV 103.1 MPH)
|
|
Batting: RHB Bakhtiar Asadov
|
0-0: Ball 1-0: Ball 2-0: Ball 3-0: Base on Balls
|
|
Batting: RHB Felix Rangel
|
0-0: Ball 1-0: Foul Ball, location: 2F 1-1: Ball 2-1: Foul Ball, location: 2F 2-2: Ball 3-2: Base on Balls Josh Smith to third Bakhtiar Asadov to second
|
|
Batting: SHB Matsudaira Ikeda
|
0-0: Foul Ball, location: 2F 0-1: Called Strike 0-2: Strikes out swinging
|
|
Batting: RHB Eric Kent
|
0-0: Foul Ball, location: 2F 0-1: Swinging Strike 0-2: Foul Ball, location: 2F 0-2: Strikes out looking
|
|
Batting: RHB Estevan Carrillo
|
0-0: Foul Ball, location: 2F 0-1: Foul Ball, location: 2F 0-2: Ball 1-2: Strikes out swinging
|
| Bottom of the 4th over - 0 runs, 1 hit, 0 errors, 3 left on base; Elizabethton 1 - Boston (APP) 0 |
| TOP OF THE 5TH |
|
Elizabethton Twins batting - Pitching for Boston (APP) Red Sox : RHP Nate Rizzi
|
|
Batting: LHB Joey Zamora
|
0-0: Ball 1-0: Reached on error, E4 (Groundball, 4, EV 84.4 MPH)
|
|
Batting: RHB Hisao Takei
|
0-0: Ball 1-0: Called Strike 1-1: Ball 2-1: Fly out, F8 (Flyball, 8RM, EV 86.2 MPH)
|
|
Batting: LHB Raul Aldaz
|
0-0: Called Strike 0-1: Ball 1-1: Foul Ball, location: 2F 1-2: Ball 2-2: Foul Ball, location: 2F 2-2: Ball 3-2: Fielders Choice at 2nd, 5-4 (Groundball, 56, EV 103.8 MPH)
|
|
Batting: SHB Rodrigo Mendoza
|
0-0: Called Strike Raul Aldaz steals 2nd, throwing error, E2 Raul Aldaz to third 0-1: Foul Ball, location: 2F 0-2: Ball 1-2: Ball Wild Pitch! Raul Aldaz scores 2-2: Ground out U3 (Groundball, 3, EV 83.1 MPH)
|
| Top of the 5th over - 1 run, 0 hits, 2 errors, 0 left on base; Elizabethton 2 - Boston (APP) 0 |
| BOTTOM OF THE 5TH |
|
Boston (APP) Red Sox batting - Pitching for Elizabethton Twins : LHP Chris Smith
|
|
Pitching: RHP Takeru Inoue
|
|
|
Batting: RHB Joe Booth
|
0-0: Called Strike 0-1: Ball 1-1: Ball 2-1: Called Strike 2-2: Foul Ball, location: 2F 2-2: Fly out, F9 (Flyball, 9LS, EV 81.2 MPH)
|
|
Batting: RHB Kirk Cully
|
0-0: Ball 1-0: Ground out 6-3 (Groundball, 4M, EV 101.9 MPH)
|
|
Batting: LHB Kien-lung Zou
|
0-0: Ball 1-0: Called Strike 1-1: Ball 2-1: Foul Ball, location: 2F 2-2: Ground out 4-3 (Groundball, 4, EV 83.8 MPH)
|
| Bottom of the 5th over - 0 runs, 0 hits, 0 errors, 0 left on base; Elizabethton 2 - Boston (APP) 0 |
| TOP OF THE 6TH |
|
Elizabethton Twins batting - Pitching for Boston (APP) Red Sox : RHP Nate Rizzi
|
|
Pitching: LHP Jessie Leslie
|
|
|
Batting: RHB Josh Harmon
|
0-0: Ball 1-0: Ball 2-0: Ball 3-0: Called Strike 3-1: Foul Ball, location: 2F 3-2: DOUBLE (Line Drive, 78D, EV 112.5 MPH)
|
|
Batting: LHB Bill Lorimer
|
0-0: Fly out, F8 (Flyball, 8LM, EV 90.0 MPH)
|
|
Batting: LHB David Ramos
|
0-0: Ball 1-0: Ball 2-0: Foul Ball, location: 2F 2-1: Ball 3-1: Called Strike 3-2: Base on Balls
|
|
Batting: RHB Jorge Corte
|
0-0: Ball 1-0: Ball 2-0: Called Strike 2-1: Foul Ball, location: 2F 2-2: Foul Ball, location: 2F 2-2: Foul Ball, location: 2F 2-2: Ball 3-2: Strikes out swinging
|
|
Batting: SHB Ed Mosqueda
|
0-0: Fly out, F6 (Popup, P, EV 71.9 MPH)
|
| Top of the 6th over - 0 runs, 1 hit, 0 errors, 2 left on base; Elizabethton 2 - Boston (APP) 0 |
| BOTTOM OF THE 6TH |
|
Boston (APP) Red Sox batting - Pitching for Elizabethton Twins : RHP Takeru Inoue
|
|
Batting: RHB Josh Smith
|
0-0: Foul Ball, location: 2F 0-1: Foul Ball, location: 2F 0-2: Strikes out looking
|
|
Batting: RHB Bakhtiar Asadov
|
0-0: Swinging Strike 0-1: Ball 1-1: Foul Ball, location: 2F 1-2: Ball 2-2: Ball 3-2: Strikes out swinging
|
|
Pinch Hitting: LHB Javier Cajina
|
0-0: Called Strike 0-1: Ball 1-1: Ball 2-1: Ball 3-1: Called Strike 3-2: Strikes out swinging
|
| Bottom of the 6th over - 0 runs, 0 hits, 0 errors, 0 left on base; Elizabethton 2 - Boston (APP) 0 |
| TOP OF THE 7TH |
|
Elizabethton Twins batting - Pitching for Boston (APP) Red Sox : LHP Jessie Leslie
|
|
Now in RF: Mike Hutcheson
|
|
|
Batting: LHB Joey Zamora
|
0-0: Called Strike 0-1: Foul Ball, location: 2F 0-2: Ball 1-2: Strikes out swinging
|
|
Batting: RHB Hisao Takei
|
0-0: Ball 1-0: Ball 2-0: Ball 3-0: Called Strike 3-1: Base on Balls
|
|
Pitching: RHP Du Kong
|
|
|
Batting: LHB Raul Aldaz
|
0-0: Ball 1-0: Called Strike 1-1: Called Strike 1-2: Foul Ball, location: 2F 1-2: Foul Ball, location: 2F 1-2: Strikes out swinging
|
|
Batting: SHB Rodrigo Mendoza
|
0-0: Ball Hisao Takei steals 2nd base 1-0: Ball 2-0: Called Strike 2-1: Swinging Strike 2-2: Ball 3-2: Foul Ball, location: 2F 3-2: Fly out, F8 (Flyball, 8RD, EV 107.5 MPH)
|
| Top of the 7th over - 0 runs, 0 hits, 0 errors, 1 left on base; Elizabethton 2 - Boston (APP) 0 |
| BOTTOM OF THE 7TH |
|
Boston (APP) Red Sox batting - Pitching for Elizabethton Twins : RHP Takeru Inoue
|
|
Pitching: RHP Karel Braaksma
|
|
|
Now in LF: Raul Aldaz
|
|
|
Now in CF: Nestor Moreno
|
|
|
Batting: SHB Matsudaira Ikeda
|
0-0: Called Strike 0-1: Swinging Strike 0-2: Strikes out swinging
|
|
Pinch Hitting: SHB Arihito Hiramoto
|
0-0: Ball 1-0: Ground out 6-3 (Groundball, 6M, EV 85.6 MPH)
|
|
Batting: RHB Estevan Carrillo
|
0-0: Ball 1-0: SINGLE (Groundball, 6MD, EV 100.6 MPH)
|
|
Batting: RHB Joe Booth
|
0-0: Called Strike 0-1: Ball 1-1: Called Strike 1-2: Ball Balk! Estevan Carrillo to second 2-2: Foul Ball, location: 2F 2-2: Ground out U3 (Groundball, 34, EV 83.1 MPH)
|
| Bottom of the 7th over - 0 runs, 1 hit, 0 errors, 1 left on base; Elizabethton 2 - Boston (APP) 0 |
| TOP OF THE 8TH |
|
Elizabethton Twins batting - Pitching for Boston (APP) Red Sox : RHP Du Kong
|
|
Now at 2B: Stanislav Parusov
|
|
|
Batting: RHB Josh Harmon
|
0-0: Called Strike 0-1: Ball 1-1: Ball 2-1: Foul Ball, location: 2F 2-2: Ball 3-2: Foul Ball, location: 2F 3-2: Ground out 4-3 (Groundball, 34, EV 108.8 MPH)
|
|
Batting: LHB Bill Lorimer
|
0-0: Swinging Strike 0-1: Foul Ball, location: 2F 0-2: Ball 1-2: Ball 2-2: Strikes out swinging
|
|
Batting: LHB David Ramos
|
0-0: Ball 1-0: Ball 2-0: Foul Ball, location: 2F 2-1: Foul Ball, location: 2F 2-2: Foul Ball, location: 2F 2-2: Ball 3-2: Ground out 4-3 (Groundball, 4, EV 82.5 MPH)
|
| Top of the 8th over - 0 runs, 0 hits, 0 errors, 0 left on base; Elizabethton 2 - Boston (APP) 0 |
| BOTTOM OF THE 8TH |
|
Boston (APP) Red Sox batting - Pitching for Elizabethton Twins : RHP Karel Braaksma
|
|
Batting: RHB Kirk Cully
|
0-0: Fly out, F7 (Flyball, 78D, EV 89.4 MPH)
|
|
Batting: LHB Kien-lung Zou
|
0-0: Foul Ball, location: 2F 0-1: Swinging Strike 0-2: Ball 1-2: Ball 2-2: Ball 3-2: Foul Ball, location: 2F 3-2: Foul Ball, location: 2F 3-2: Foul Ball, location: 2F 3-2: Base on Balls
|
|
Batting: RHB Josh Smith
|
0-0: Ball Wild Pitch! Kien-lung Zou to second 1-0: Called Strike 1-1: Called Strike 1-2: Ball 2-2: Ball 3-2: Base on Balls
|
|
Batting: RHB Bakhtiar Asadov
|
0-0: Ball 1-0: Ball 2-0: Called Strike 2-1: Called Strike 2-2: Strikes out swinging
|
|
Pitching: LHP Choji Tominaga
|
|
|
Batting: LHB Mike Hutcheson
|
0-0: Called Strike 0-1: Ball 1-1: Foul Ball, location: 2F 1-2: Ball 2-2: Ball 3-2: Foul Ball, location: 2F 3-2: SINGLE (Groundball, 34D, EV 99.4 MPH) Kien-lung Zou to third Josh Smith to second Kien-lung Zou scores Josh Smith to third
|
|
Pinch Hitting: RHB Vladmiri Nugaibekov
|
0-0: Ball 1-0: Ball 2-0: Ball Passed Ball! Josh Smith scores Mike Hutcheson to second 3-0: Base on Balls
|
|
Batting: LHB Stanislav Parusov
|
0-0: Ball 1-0: Ball 2-0: Ball 3-0: Called Strike 3-1: Foul Ball, location: 2F 3-2: Foul Ball, location: 2F 3-2: Base on Balls Mike Hutcheson to third Vladmiri Nugaibekov to second
|
|
Batting: RHB Estevan Carrillo
|
0-0: Ball 1-0: Swinging Strike 1-1: Foul Ball, location: 2F 1-2: Ball 2-2: Foul Ball, location: 2F 2-2: Strikes out swinging
|
| Bottom of the 8th over - 2 runs, 1 hit, 0 errors, 3 left on base; Elizabethton 2 - Boston (APP) 2 |
| TOP OF THE 9TH |
|
Elizabethton Twins batting - Pitching for Boston (APP) Red Sox : RHP Du Kong
|
|
Now at 3B: Luis Nino
|
|
|
Now at SS: Kien-lung Zou
|
|
|
Pinch Hitting: LHB George Roben
|
0-0: Ball 1-0: Ball 2-0: Ball 3-0: Called Strike 3-1: Base on Balls
|
|
Pitching: RHP Danny Diaz
|
|
|
Batting: SHB Ed Mosqueda
|
0-0: Ball George Roben steals 2nd base 1-0: Foul Ball, location: 2F 1-1: Ball 2-1: Called Strike 2-2: Foul Ball, location: 2F 2-2: Ball 3-2: Foul Ball, location: 2F 3-2: Foul Ball, location: 2F 3-2: Base on Balls
|
|
Batting: RHB Nestor Moreno
|
0-0: Sac Bunt to 15 - play at first, batter OUT! 1-4 George Roben to third Ed Mosqueda to second
|
|
Pinch Hitting: LHB Diego Gutierres
|
0-0: Intentional Walk
|
|
Pinch Hitting: RHB Ryan Starks
|
0-0: Ball 1-0: Swinging Strike 1-1: Swinging Strike 1-2: Foul Ball, location: 2F 1-2: Ball 2-2: Grounds into fielders choice 4-2 (Groundball, 4MS, EV 79.4 MPH) Ed Mosqueda to third Diego Gutierres to second
|
|
Batting: SHB Rodrigo Mendoza
|
0-0: Foul Ball, location: 2F 0-1: Ball 1-1: Ball 2-1: Ball 3-1: Base on Balls Ed Mosqueda scores Diego Gutierres to third Ryan Starks to second
|
|
Batting: RHB Josh Harmon
|
0-0: Ground out 4-3 (Groundball, 34, EV 107.5 MPH)
|
| Top of the 9th over - 1 run, 0 hits, 0 errors, 3 left on base; Elizabethton 3 - Boston (APP) 2 |
| BOTTOM OF THE 9TH |
|
Boston (APP) Red Sox batting - Pitching for Elizabethton Twins : LHP Choji Tominaga
|
|
Pitching: RHP Ron Didkowsky
|
|
|
Now at C: Wil Patterson
|
|
|
Now at 1B: Diego Gutierres
|
|
|
Now at SS: Fhil Mikrakin
|
|
|
Now in LF: Bill Lorimer
|
|
|
Batting: RHB Joe Booth
|
0-0: Ball 1-0: Ball 2-0: Ball 3-0: Base on Balls
|
|
Batting: RHB Kirk Cully
|
0-0: Ball 1-0: Ball 2-0: Ball 3-0: Base on Balls Joe Booth to second
|
|
Batting: LHB Kien-lung Zou
|
0-0: Ball 1-0: Ball 2-0: Swinging Strike 2-1: Called Strike 2-2: Strikes out swinging
|
|
Batting: RHB Josh Smith
|
0-0: Ball 1-0: Called Strike 1-1: Swinging Strike 1-2: Strikes out swinging
|
|
Batting: RHB Bakhtiar Asadov
|
0-0: Called Strike 0-1: Fly out, F9 (Flyball, 9D, EV 83.1 MPH)
|
| Bottom of the 9th over - 0 runs, 0 hits, 0 errors, 2 left on base; Elizabethton 3 - Boston (APP) 2 |
|